 Dungeon Crawl Stone Soup version 0.18-a0-738-g888b110 (webtiles) character file.

68763 Mindmaker the Bludgeoner (level 15, 0/156 HPs)
             Began as an Ogre Chaos Knight on Dec 8, 2015.
             Slain by a yak (8 damage)
             ... on level 8 of the Lair of Beasts on Dec 11, 2015.
             The game lasted 02:03:24 (25962 turns).

Mindmaker the Bludgeoner (Ogre Chaos Knight)       Turns: 25962, Time: 02:03:24

Health: 0/156      AC:  9    Str: 21    XL:     15   Next: 27%
Magic:  15/25      EV: 20    Int: 22    God:    Xom [.....*]
Gold:   1134       SH:  0    Dex: 14    Spells: 1 memorised, 12 levels left

rFire  + + .     SeeInvis .     w - +2 dire flail
rCold  + . .     Clarity  +     J - +2 robe {rC+ rF+}
rNeg   . . .     SustAt   .     (shield currently unavailable)
rPois  +         Gourm    +     V - +3 hat of Pondering {ponderous, MR+ MP+10 Int+5}
rElec  .         Spirit   .     K - +0 cloak
rCorr  .         Dismiss  .     (gloves unavailable)
rMut   .         Rnd*Tele +     (boots unavailable)
MR     +....                    S - amulet of the Madman {Gourm rPois MR- Int+4 Stlth+}
Stlth  +++.......               E - ring of protection from magic
                                C - ring of fire

@: vulnerable, slow, somewhat resistant to hostile enchantments, fairly stealthy
A: unfitting armour, horns 1, repulsion field 1, blink, clarity, clever 1, cold
resistance 1, frail 1, teleportitis 1, tough skin 1, evolution 1
a: Blink, Renounce Religion


You were on level 8 of the Lair of Beasts.
You worshipped Xom.
You were Xom's teddy bear.
You were full.

You visited 3 branches of the dungeon, and saw 23 of its levels.
You also visited: Ossuary, Bailey, Ice Cave and Volcano.

You collected 1847 gold pieces.
You spent 713 gold pieces at shops.

Inventory:

Hand Weapons
 w - a +2 dire flail (weapon)
 M - a +2 giant spiked club of venom
Missiles
 k - 15 tomahawks (quivered)
 y - 3 tomahawks of returning
 N - 8 large rocks
Armour
 J - a +2 robe of resistance (worn)
 K - a +0 cloak (worn)
 V - the +3 hat of Pondering (worn) {ponderous, MR+ MP+10 Int+5}
   (You took it off Gastronok on level 1 of the Lair of Beasts)

   It affects your intelligence (+5).
   It affects your resistance to hostile enchantments.
   It affects your magic capacity (+10).
 Z - a +0 ice dragon armour
Rods
 P - a +3 rod of ignition (14/14)
   (Xom gifted it to you on level 4 of the Lair of Beasts)
Jewellery
 a - an uncursed amulet of rage
 j - an uncursed ring of invisibility
 n - an uncursed ring of ice
 v - an uncursed ring of stealth
 C - a ring of fire (left hand)
 E - a ring of protection from magic (right hand)
 F - an uncursed ring of ice
 I - an uncursed ring of positive energy
 S - the amulet of the Madman (around neck) {Gourm rPois MR- Int+4 Stlth+}
   (You bought it in a shop on level 11 of the Dungeon)

   [amulet of the gourmand]

   It allows you to eat raw meat even when not hungry.
   It affects your intelligence (+4).
   It protects you from poison.
   It affects your resistance to hostile enchantments.
   It makes you more stealthy.
 U - a +3 ring of dexterity
Wands
 h - a wand of fireball (7)
 i - a wand of digging (10)
 m - a wand of digging (18)
Scrolls
 b - a scroll of immolation
 e - a scroll of recharging
 f - 12 scrolls of teleportation
 q - 11 scrolls of remove curse
 u - a scroll of magic mapping
 x - 3 scrolls of fog
 T - 3 scrolls of identify
Potions
 d - 9 potions of curing
 o - 2 potions of haste
 t - 2 potions of flight
 D - 2 potions of resistance
Comestibles
 c - 15 bread rations
 s - 4 slices of pizza
 z - 6 meat rations
 G - 4 beef jerkies
 R - 16 fruits


   Skills:
 - Level 17.1 Fighting
 - Level 19.1 Maces & Flails
 + Level 1.2 Armour
 - Level 15.0 Dodging


You had 12 spell levels left.
You knew the following spells:

 Your Spells              Type           Power        Failure   Level  Hunger
a - Repel Missiles        Chrm/Air       #.....       24%         2    ###....


Dungeon Overview and Level Annotations

Branches:
Dungeon (14/15)            Temple (1/1) D:4            Lair (8/8) D:10
 Shoals (0/4) Lair:4       Spider (0/4) Lair:4        Slime (0/6) Lair:7
    Orc (0/4) D:10
 Vaults: D:13-14

Altars:
Ashenzari
Cheibriados
Dithmenos
Elyvilon
Fedhas
Gozag
Kikubaaqudgha
Makhleb
Nemelex Xobeh
Okawaru
Pakellas
Qazlal
Ru
Sif Muna
Trog
Vehumet
Xom
Yredelemnul
Zin
The Shining One
Jiyva

Shops:
D:7 :   D:8 *   D:11 =   D:14 *

Annotations:
D:14 Azrael


Innate Abilities, Weirdness & Mutations

You are too large for most types of armour.
You have tough skin (AC +1).
You have a pair of small horns on your head.
You are surrounded by a mild repulsion field (EV +2).
You can translocate small distances at will.
You possess an exceptional clarity of mind.
Your mind is acute. (Int +2)
Your flesh is cold resistant.
You are frail (-10% HP).
You are occasionally teleported next to monsters.
You evolve.


Message History

Your magical contamination has completely faded away.
You feel magically purged.
You feel yourself slow down.
You feel a little less agile now.
Your hearing returns.
The blink frog blinks!
The black mamba bites you but does no damage.
The yak gores the fungus.
The blink frog hits the fungus.
Drink which item? (? for menu, Esc to quit)
You feel better.
You feel less woody.
Your +0 cloak unmelds from your body.
The +3 hat of Pondering {ponderous, MR+ MP+10 Int+5} unmelds from your body.
Your +2 robe of resistance unmelds from your body.
You feel rather ponderous.
You feel resistant to extremes of temperature.
The yak gores you!
* * * LOW HITPOINT WARNING * * *
The black mamba closely misses you.
The blink frog blinks!
The yak gores you!
You die...
Xom thinks this is hilarious!

* ♣......<....,,,,*,,,,,,,,,,, *
♣..............F.#.,,,,,,,,, *
♣♣..........FF.......,,,,,,,, *
♣........F......P.#....#*,,,* *
♣................#...#.#F.,,, *
♣♣..<.....§........#.........,
**♣♣...!†........§..§....(.....F,
,*♣.............§Y.............S,
.♣♣..)..........@Sk..............
....÷..........PPYYY.............
....÷...##.....PPPF.......P......
♣......#####P.PPPP÷P.....PP#.....
♣......#** #####P..P#....PP#....#
♣......P,*****#...P....PP...#....
♣♣......P**,,*##.........PP#.....
♣......##,,,*,#........P.###....
♣♣....#.,,,,,*#...#....P...+..#.


You could see a black mamba, 4 yaks, 5 blink frogs and a fire drake.

Vanquished Creatures
  Gastronok (Lair:1)
  A frost giant (IceCv)
  Fannar (Lair:1)
  An ice dragon (Lair:1)
  8 hydras
  An anaconda (D:14)
  5 death yaks
  The ghost of Proton the Slasher, a novice NaFi (D:7)
  2 fire crabs
  A griffon (Lair:6)
  5 elephants
  A toenail golem (Volcano)
  An ice statue (IceCv)
  Psyche (D:8)
  2 molten gargoyles (Volcano)
  4 black mambas
  A torpor snail (Lair:7)
  8 spiny frogs
  An efreet (Volcano)
  3 fire drakes
  13 komodo dragons
  A troll (D:11)
  A red devil (Volcano)
  17 polar bears
  Prince Ribbit (D:5)
  22 blink frogs
  A two-headed ogre (D:8)
  A snapping turtle (Lair:4)
  3 spriggans
  A centaur simulacrum (D:13)
  A redback (Lair:8)
  A shadow (D:10)
  2 water elementals (D:13)
  3 wyverns
  4 basilisks
  71 yaks
  Eustachio (D:5)
  2 deep elf magi
  6 hippogriffs
  A fire bat (Volcano)
  4 vampire mosquitoes (D:13)
  A hungry ghost (D:8)
  A soldier ant (D:11)
  25 wolves
  A hell hound (Volcano)
  8 swamp worms (Lair:1)
  12 porcupines
  24 water moccasins
  A swamp drake (Lair:3)
  3 orc warriors
  4 sky beasts
  2 black bears
  6 ice beasts
  5 phantoms
  3 wasps
  5 centaurs
  14 crocodiles
  4 ogres
  3 big kobolds
  18 giant frogs
  A gnoll sergeant (D:8)
  2 water moccasin zombies (Ossuary)
  A scorpion (D:10)
  A wyvern skeleton (D:13)
  14 wights
  4 lava snakes (Volcano)
  12 killer bees
  8 crimson imps
  3 electric eels
  3 giant frog zombies
  3 centaur skeletons
  4 jellies
  4 giant frog skeletons
  7 hounds
  11 orc priests
  10 orc wizards
  A quasit (D:11)
  A gnoll shaman (D:5)
  11 iguanas
  7 worker ants
  19 sheep
  4 big kobold zombies (Ossuary)
  2 hound zombies
  A hound skeleton (D:8)
  2 mummies (Ossuary)
  16 gnolls
  27 adders
  37 river rats
  A white imp (D:13)
  7 shadow imps
  A giant eyeball (D:11)
  An ufetubus (D:13)
  An ooze (D:1)
  5 adder zombies
  3 adder skeletons
  11 worms
  3 giant geckos
  46 orcs
  7 giant cockroaches
  3 gnoll zombies (Ossuary)
  4 goblins
  7 hobgoblins
  8 jackals
  8 quokkas
  A ball python (D:1)
  9 bats
  2 giant gecko skeletons
  6 giant newts
  4 hobgoblin zombies (Ossuary)
  19 kobolds
  7 kobold zombies (Ossuary)
  10 orc zombies (Ossuary)
  9 rats
  A fungus (Lair:8)
  A plant (Lair:1)
747 creatures vanquished.

Vanquished Creatures (collateral kills)
  A spriggan (Lair:8)
  A water moccasin (Lair:3)
  A crimson imp (D:11)
  2 sheep (Lair:7)
  5 adders (Lair:3)
  An orc (D:4)
11 creatures vanquished.

Vanquished Creatures (others)
  A hydra (Lair:4)
  A death yak (IceCv)
  A spiny frog (Lair:8)
  2 wolves (IceCv)
  A water moccasin (Lair:3)
  A swamp worm (Lair:1)
  2 adders (Lair:3)
  An orc (D:7)
  2 bushes
  8 fungi
  17 plants
37 creatures vanquished.

Grand Total: 795 creatures vanquished

Notes
Turn   | Place    | Note
--------------------------------------------------------------
     0 | D:1      | Mindmaker the Ogre Chaos Knight began the quest for the Orb.
     0 | D:1      | Reached XP level 1. HP: 24/24 MP: 1/1
   307 | D:1      | Reached XP level 2. HP: 32/32 MP: 2/2
   403 | D:1      | XOM: colour smoke trail
   420 | D:1      | Reached skill level 5 in Maces & Flails
   487 | D:1      | XOM: divination: detect creatures
   800 | D:2      | Reached XP level 3. HP: 39/39 MP: 3/3
   820 | D:2      | XOM: enchant monster (good)
   874 | D:2      | XOM: divination: magic mapping
   955 | D:2      | Reached skill level 6 in Maces & Flails
  1263 | D:2      | XOM: god gift: 3 fruits
  1291 | D:3      | XOM: enchant monster (good)
  1300 | D:2      | Reached XP level 4. HP: 32/48 MP: 4/4
  1512 | D:3      | Found a burning altar of Makhleb.
  1586 | D:3      | XOM: smoke on damage
  1602 | D:3      | XOM: god gift: 49 gold pieces
  1969 | D:3      | XOM: give mutations
  1969 | D:3      | Gained mutation: You have supernaturally acute eyesight. [Xom's grace]
  1969 | D:3      | Gained mutation: You evolve. [Xom's grace]
  1969 | D:3      | Gained mutation: Your muscles are strong. (Str +2) [Xom's grace]
  2104 | D:4      | Reached XP level 5. HP: 54/54 MP: 5/5
  2146 | D:4      | Found a staircase to the Ecumenical Temple.
  2158 | Temple   | Entered the Ecumenical Temple
  2170 | Temple   | XOM: god gift: 28 stones
  2489 | D:4      | Found an oddly glowing altar of Pakellas.
  2490 | D:4      | Found an ancient bone altar of Kikubaaqudgha.
  2490 | D:4      | Found a sacrificial altar of Ru.
  2590 | D:4      | Noticed an orc warrior
  2599 | D:4      | XOM: enchant monster (good)
  2769 | D:3      | Gained mutation: You are partially covered in molten scales (AC +1). [evolution]
  2784 | D:4      | Noticed a phantom
  2785 | D:4      | XOM: summons 3 friendly demons
  2795 | D:4      | Killed a phantom
  2795 | D:4      | Reached skill level 5 in Dodging
  2795 | D:4      | Reached XP level 6. HP: 48/62 MP: 6/6
  3043 | D:4      | Reached XP level 7. HP: 70/70 MP: 1/7
  3048 | D:4      | XOM: 2-stop teleportation journey
  3099 | D:4      | XOM: enchant monster (good)
  3232 | D:5      | Entered Level 5 of the Dungeon
  3302 | D:5      | Found a sand-covered staircase.
  3310 | Ossuary  | Entered an ossuary
  3544 | Ossuary  | XOM: scenery: 1 doors open, 1 doors close
  3548 | Ossuary  | Reached skill level 7 in Maces & Flails
  3561 | Ossuary  | XOM: mild Divn miscast
  3656 | Ossuary  | XOM: medium Pois miscast
  3803 | Ossuary  | XOM: 3-stop teleportation journey
  3872 | Ossuary  | XOM: 1-stop teleportation journey
  4177 | Ossuary  | Reached skill level 8 in Maces & Flails
  4195 | Ossuary  | XOM: scenery: 1 doors open, 1 doors close
  4227 | Ossuary  | XOM: scenery: 1 doors open, 1 doors close
  4300 | D:5      | Noticed Prince Ribbit
  4314 | D:5      | Killed Prince Ribbit
  4314 | D:5      | Reached XP level 8. HP: 48/84 MP: 8/8
  4508 | D:5      | XOM: vitrification
  4521 | D:5      | XOM: summons 4 hostile demons
  4522 | D:5      | Noticed a hellwing
  4575 | D:5      | Found a stormy altar of Qazlal.
  4585 | D:5      | Noticed Eustachio
  4684 | D:5      | XOM: mild Divn miscast
  4694 | D:5      | XOM: repel stairs
  4699 | D:5      | Killed Eustachio
  4839 | D:5      | XOM: enchant monster (bad)
  4840 | D:5      | XOM: mild Tloc miscast
  4854 | D:5      | XOM: noise
  4864 | D:4      | XOM: harmless Divn miscast
  4894 | D:4      | XOM: colour smoke trail
  5139 | D:4      | XOM: blink monster(s)
  5197 | D:5      | XOM: silly message
  5330 | D:5      | Reached skill level 9 in Maces & Flails
  5366 | D:5      | HP: 2/132 [hippogriff (5)]
  5492 | D:4      | XOM: stat loss: -1 Int (10/11)
  5589 | D:4      | XOM: harmless Tloc miscast
  5742 | D:5      | Found a glowing golden altar of the Shining One.
  5773 | D:5      | Reached skill level 10 in Maces & Flails
  5844 | D:5      | XOM: harmless Tloc miscast
  5855 | D:5      | Found a blossoming altar of Fedhas.
  5860 | D:5      | XOM: noise
  5895 | D:5      | XOM: silly message
  5910 | D:5      | Found a snail-covered altar of Cheibriados.
  5913 | D:5      | Found a sparkling altar of Nemelex Xobeh.
  5916 | D:5      | Found a shadowy altar of Dithmenos.
  5999 | D:6      | XOM: mild Trmt miscast
  6046 | D:6      | Reached XP level 9. HP: 76/96 MP: 9/9
  6073 | D:6      | Found a burning altar of Makhleb.
  6119 | D:6      | Found a white marble altar of Elyvilon.
  6133 | D:6      | XOM: confuse monster(s)
  6196 | D:6      | XOM: harmless Divn miscast
  6590 | D:6      | XOM: medium Divn miscast
  6954 | D:7      | XOM: divination: detect creatures
  6992 | D:7      | XOM: divination: detect items
  7068 | D:7      | XOM: divination: detect creatures
  7069 | D:7      | XOM: confuse monster(s)
  7187 | D:7      | XOM: 4-stop teleportation journey
  7226 | D:7      | Reached skill level 11 in Maces & Flails
  7261 | D:7      | Noticed Proton's ghost (novice NaFi)
  7284 | D:7      | Killed Proton's ghost
  7284 | D:7      | Reached skill level 12 in Maces & Flails
  7284 | D:7      | Reached XP level 10. HP: 104/104 MP: 10/10
  7452 | D:7      | Found Bitsogeo's Book Shop.
  7469 | D:7      | Reached skill level 13 in Maces & Flails
  7527 | D:7      | XOM: torment (44/104 hp)
  7553 | D:7      | XOM: colour smoke trail
  7877 | D:7      | XOM is BORED!
  7877 | D:7      | XOM: give mutations
  7877 | D:7      | Gained mutation: You are partially covered in thin metallic scales (AC +2). [Xom's mischief]
  7877 | D:7      | Gained mutation: Your system is resistant to poisons. [Xom's mischief]
  7877 | D:7      | Gained mutation: Your body sometimes deteriorates upon taking damage. [Xom's mischief]
  7877 | D:7      | Lost mutation: Your body sometimes deteriorates upon taking damage. [Xom's mischief]
  7885 | D:7      | XOM: confusion
  8030 | D:7      | XOM: summons 5 hostile demons
  8373 | D:7      | XOM: summons 1 friendly demon
  8404 | D:7      | XOM: destruction
  8724 | D:7      | XOM: god gift: black book {god gift}
  8725 | D:7      | Identified Xom's Grimoire of Anxiety (Xom gifted it to you on level 7 of the Dungeon)
  8729 | D:7      | Learned a level 2 spell: Repel Missiles
  8740 | D:7      | XOM: give mutations
  8740 | D:7      | Gained mutation: You have a pair of small horns on your head. [Xom's grace]
  8740 | D:7      | Gained mutation: Your mind is acute. (Int +2) [Xom's grace]
  8740 | D:7      | Gained mutation: You rapidly evolve. [Xom's grace]
  9173 | D:7      | XOM: polymorph hippogriff -> blink frog
  9181 | D:7      | Reached skill level 10 in Fighting
  9312 | D:8      | Found Nemampun's General Store.
  9381 | D:8      | Found a flagged portal.
  9390 | Bailey   | Entered a bailey
  9463 | D:8      | XOM: polymorph ogre -> giant frog
  9481 | D:8      | XOM: mild Fire miscast
  9569 | D:8      | Noticed Psyche
  9573 | D:8      | Killed Psyche
  9589 | D:8      | Upgraded the game from 0.18-a0-717-g59c076b to 0.18-a0-721-g8fc53f4
  9694 | D:8      | XOM: confuse monster(s)
  9711 | D:8      | Gained mutation: Your natural rate of healing is unusually fast. [mutagenic meat]
  9712 | D:8      | Lost mutation: Your system is resistant to poisons. [mutagenic meat]
  9713 | D:8      | Lost mutation: You are partially covered in molten scales (AC +1). [mutagenic meat]
  9800 | D:8      | XOM: divination: detect creatures
  9878 | D:8      | Bought a scroll of teleportation for 39 gold pieces
 10039 | D:8      | Found a shattered altar of Ashenzari.
 10070 | D:8      | XOM: vitrification
 10286 | D:9      | Reached XP level 11. HP: 116/126 MP: 11/11
 10310 | D:9      | XOM: blink monster(s)
 10734 | D:9      | Lost mutation: You rapidly evolve. [end of evolution]
 10747 | D:10     | Entered Level 10 of the Dungeon
 10945 | D:10     | Found a staircase to the Orcish Mines.
 11002 | D:10     | XOM: fog
 11402 | D:10     | Found a staircase to the Lair.
 11500 | D:10     | XOM: summons 1 hostile demon
 11673 | D:10     | XOM is BORED!
 11673 | D:10     | XOM: medium Tloc miscast
 11763 | D:11     | XOM: polymorph orc warrior -> giant eyeball
 11774 | D:10     | XOM: summons friendly crimson imp
 11829 | D:11     | Noticed an eight-headed hydra
 11836 | D:11     | XOM: summons 4 friendly demons
 11840 | D:11     | Killed an eight-headed hydra
 11840 | D:11     | Reached skill level 10 in Dodging
 11866 | D:11     | XOM: polymorph ufetubus -> shadow imp
 12043 | D:11     | Gained mutation: You possess an exceptional clarity of mind. [mutagenic meat]
 12044 | D:11     | Lost mutation: You evolve. [mutagenic meat]
 12045 | D:11     | Gained mutation: You are agile. (Dex +2) [mutagenic meat]
 12232 | D:11     | Noticed a five-headed hydra
 12243 | D:11     | XOM: swap monsters
 12255 | D:11     | Killed a five-headed hydra
 12255 | D:11     | Reached skill level 14 in Maces & Flails
 12284 | D:11     | Found Amusiet's Jewellery Shoppe.
 12288 | D:11     | Upgraded the game from 0.18-a0-721-g8fc53f4 to 0.18-a0-738-g888b110
 12291 | D:11     | Bought the amulet of the Madman {Gourm rPois MR- Int+4 Stlth+} for 674 gold pieces
 12328 | D:11     | You fall through a shaft for 3 floors!
 12328 | D:14     | Noticed Azrael
 12364 | D:14     | Found Viquamu's Serpentskin Sales.
 12364 | D:14     | Noticed an anaconda
 12367 | D:14     | XOM: fog
 12374 | D:14     | Killed an anaconda
 12474 | D:14     | XOM: enchant monster (good)
 12487 | D:14     | Noticed a hill giant
 12492 | D:13     | XOM: stealth player
 12496 | D:13     | XOM: fog
 12497 | D:13     | XOM: enchant monster (good)
 12506 | D:13     | XOM: enchant monster (good)
 12702 | D:13     | Reached skill level 15 in Maces & Flails
 12722 | D:13     | XOM: fog
 12849 | D:13     | XOM: smoke on damage
 12850 | D:13     | Reached XP level 12. HP: 101/136 MP: 12/12
 12870 | D:13     | Found a frozen archway.
 12879 | IceCv    | Entered an ice cave
 12901 | IceCv    | XOM: vitrification
 12961 | IceCv    | XOM: fog
 13057 | IceCv    | Noticed a death yak
 13077 | IceCv    | Killed a death yak
 13080 | IceCv    | XOM: divination: detect items
 13084 | IceCv    | XOM: potion effect (haste)
 13090 | IceCv    | XOM: divination: magic mapping
 13137 | IceCv    | XOM: enchant monster (bad)
 13159 | IceCv    | Reached skill level 15 in Fighting
 13355 | IceCv    | XOM: smoke on damage
 13429 | IceCv    | XOM: swap monsters
 13473 | IceCv    | XOM: destruction
 13535 | IceCv    | XOM: noise
 13566 | IceCv    | XOM: smoke on damage
 13673 | IceCv    | Noticed a death yak
 13673 | IceCv    | Noticed a death yak
 13792 | IceCv    | XOM: summons friendly quasit
 13797 | IceCv    | XOM: fog
 13802 | IceCv    | XOM: mild Trmt miscast
 13812 | IceCv    | Killed a death yak
 13843 | IceCv    | Lost mutation: Your muscles are strong. (Str +2) [potion of mutation]
 13843 | IceCv    | Gained mutation: You are surrounded by a mild repulsion field (EV +2). [potion of mutation]
 13849 | IceCv    | XOM: severe Ice miscast
 13852 | IceCv    | Killed a death yak
 13955 | IceCv    | Lost mutation: You are agile. (Dex +2) [potion of mutation]
 13956 | IceCv    | Lost mutation: You have supernaturally acute eyesight. [potion of mutation]
 13956 | IceCv    | Lost mutation: Your mind is acute. (Int +2) [potion of mutation]
 14002 | IceCv    | Noticed a frost giant
 14022 | IceCv    | Killed a frost giant
 14046 | IceCv    | XOM: harmless Chrm miscast
 14055 | IceCv    | Reached XP level 13. HP: 131/149 MP: 13/13
 14155 | IceCv    | XOM: divination: detect creatures
 14158 | IceCv    | XOM: harmless Necr miscast
 14240 | IceCv    | Got a crude lajatang
 14241 | IceCv    | Identified the cursed +0 lajatang "Afunonal" {venom, +Rage +Fly rElec Dex-3 Stlth+} (You found it in an ice cave)
 14542 | D:11     | XOM: cast spell 'Spider Form'
 14545 | D:11     | Paralysed by a giant eyeball for 4 turns
 14551 | D:11     | Paralysed by a giant eyeball for 3 turns
 14655 | D:11     | XOM: harmless Erth miscast
 14681 | D:11     | XOM: mild Conj miscast
 14814 | D:11     | XOM: severe Fire miscast
 14901 | D:11     | XOM: polymorph yak -> fire crab
 14910 | D:11     | XOM: enchant monster (good)
 14925 | D:11     | XOM: mild Ice miscast
 15050 | D:11     | XOM: noise
 15130 | Lair:1   | Entered Level 1 of the Lair of Beasts
 15400 | Lair:1   | XOM: colour smoke trail
 15498 | Lair:1   | XOM: blink monster(s)
 15929 | Lair:1   | Noticed Gastronok
 15937 | Lair:1   | XOM: harmless Air miscast
 15943 | Lair:1   | Killed Gastronok
 15943 | Lair:1   | Reached skill level 16 in Maces & Flails
 16019 | Lair:1   | Noticed Fannar
 16071 | Lair:1   | XOM: silly message
 16076 | Lair:1   | Killed Fannar
 16370 | Lair:1   | XOM: harmless Necr miscast
 16446 | Lair:1   | XOM: potion effect (invisibility)
 16488 | Lair:1   | XOM: harmless Tloc miscast
 16603 | Lair:1   | XOM: divination: detect creatures
 16628 | Lair:1   | XOM: cast spell 'Warp Weapon'
 16632 | Lair:1   | XOM: summons 11 friendly demons
 16688 | Lair:1   | XOM: mild Divn miscast
 16789 | Lair:2   | XOM: smoke on damage
 16817 | Lair:2   | XOM: harmless Necr miscast
 17014 | Lair:2   | Reached skill level 17 in Maces & Flails
 17040 | Lair:2   | XOM: confuse monster(s)
 17144 | Lair:2   | XOM: colour smoke trail
 17268 | Lair:2   | XOM: divination: magic mapping
 17353 | Lair:2   | XOM: draining
 17431 | Lair:2   | XOM is BORED!
 17431 | Lair:2   | XOM: medium Trmt miscast
 17613 | Lair:3   | XOM: 1-stop teleportation journey
 17660 | Lair:3   | XOM: colour smoke trail
 17789 | Lair:3   | XOM: potion effect (agility)
 17792 | Lair:3   | XOM: enchant monster (good)
 17846 | Lair:3   | XOM: silly message
 18043 | Lair:3   | XOM: give mutations
 18043 | Lair:3   | Gained mutation: Scrolls take you a little longer to read. [Xom's mischief]
 18506 | Lair:3   | XOM: mild Chrm miscast
 18677 | Lair:3   | XOM: summons 5 hostile shadow creatures
 18827 | Lair:3   | XOM: noise
 18864 | Lair:3   | XOM: cast spell 'Discord'
 18880 | Lair:3   | XOM: vitrification
 18889 | Lair:3   | XOM: summons friendly white imp
 18931 | Lair:3   | XOM: vitrification
 18943 | Lair:3   | XOM: polymorph crocodile -> swamp drake
 18944 | Lair:3   | Reached XP level 14. HP: 121/163 MP: 14/14
 18960 | Lair:3   | XOM: swap monsters
 19189 | Lair:4   | XOM: fog
 19348 | Lair:4   | XOM: god gift: hat {god gift}
 19512 | Lair:4   | Found a staircase to the Shoals.
 19515 | Lair:4   | XOM: god gift: rapier {god gift}
 19616 | Lair:4   | XOM: god gift: gnarled glowing rod {god gift}
 19617 | Lair:4   | XOM: divine lightning
 19621 | Lair:4   | Identified a +3 rod of ignition (14/14) (Xom gifted it to you on level 4 of the Lair of Beasts)
 19739 | Lair:4   | Found a hole to the Spider Nest.
 19768 | Lair:4   | XOM: give mutations
 19768 | Lair:4   | Gained mutation: Your flesh is cold resistant. [Xom's grace]
 19768 | Lair:4   | Gained mutation: Your flesh is very cold resistant. [Xom's grace]
 19768 | Lair:4   | Gained mutation: You evolve. [Xom's grace]
 19787 | Lair:4   | XOM: give mutations
 19787 | Lair:4   | Lost mutation: Scrolls take you a little longer to read. [Xom's mischief]
 19787 | Lair:4   | Gained mutation: Your mind is acute. (Int +2) [Xom's mischief]
 19996 | Lair:4   | Gained mutation: You can translocate small distances at will. [evolution]
 20043 | Lair:4   | XOM: vitrification
 20235 | Lair:5   | XOM: fog
 20276 | Lair:5   | XOM: god gift: crystal ball of energy
 20292 | Lair:5   | XOM: enchant monster (bad)
 20352 | Lair:5   | XOM: 2-stop teleportation journey
 20364 | Lair:5   | XOM: silly message
 20366 | Lair:5   | XOM: stat loss: -1 Dex (12/13)
 20370 | Lair:5   | XOM: enchant monster (bad)
 20549 | Lair:5   | XOM: give mutations
 20549 | Lair:5   | Lost mutation: You are partially covered in thin metallic scales (AC +2). [Xom's mischief]
 20549 | Lair:5   | Lost mutation: Your natural rate of healing is unusually fast. [Xom's mischief]
 20549 | Lair:5   | Lost mutation: Your flesh is very cold resistant. [Xom's mischief]
 20549 | Lair:5   | Gained mutation: You expend magic power (3 MP) to strengthen your wands. [Xom's mischief]
 20674 | Lair:5   | XOM: summons 1 hostile demon
 20730 | Lair:5   | XOM: colour smoke trail
 20824 | Lair:5   | XOM: 4-stop teleportation journey
 20836 | Lair:5   | XOM: harmless Air miscast
 21103 | Lair:5   | XOM: summons 4 hostile demons
 21116 | Lair:5   | XOM: mild Conj miscast
 21116 | Lair:5   | XOM: smoke on damage
 21170 | Lair:5   | XOM: noise
 21193 | Lair:5   | XOM: blink monster(s)
 21371 | Lair:5   | XOM: divination: detect items
 21996 | Lair:6   | XOM: harmless Ice miscast
 22048 | Lair:6   | Gained mutation: You are frail (-10% HP). [potion of mutation]
 22048 | Lair:6   | Gained mutation: You are occasionally teleported next to monsters. [potion of mutation]
 22048 | Lair:6   | Lost mutation: You expend magic power (3 MP) to strengthen your wands. [potion of mutation]
 22066 | Lair:6   | XOM: harmless Necr miscast
 22067 | Lair:6   | XOM: divination: magic mapping
 22092 | Lair:6   | XOM: god gift: wand of random effects {god gift}
 22824 | Lair:6   | XOM: scenery: 1 doors open, 1 doors close
 22828 | Lair:6   | XOM: mild Erth miscast
 22850 | Lair:6   | XOM: silly message
 22882 | Lair:6   | XOM: silly message
 22983 | Lair:7   | XOM: noise
 22984 | Lair:7   | XOM: cast spell 'Summon Small Mammal'
 22987 | Lair:7   | XOM: harmless Tloc miscast
 23000 | Lair:7   | Reached skill level 15 in Dodging
 23026 | Lair:7   | XOM: enchant monster (good)
 23029 | Lair:7   | HP: 4/149 [sheep (11)]
 23227 | Lair:6   | XOM: noise
 23249 | Lair:6   | XOM: harmless Tloc miscast
 23493 | Lair:7   | XOM: cast spell 'Summon Butterflies'
 23505 | Lair:7   | XOM: divination: detect creatures
 23510 | Lair:7   | XOM: confuse monster(s)
 23599 | Lair:7   | XOM: potion effect (berserk rage)
 23601 | Lair:7   | XOM: potion effect (curing)
 23718 | Lair:7   | XOM: silly message
 23729 | Lair:7   | XOM: potion effect (brilliance)
 23891 | Lair:7   | Reached XP level 15. HP: 132/156 MP: 15/15
 23898 | Lair:7   | Reached skill level 18 in Maces & Flails
 24064 | Lair:7   | XOM: enchant monster (good)
 24179 | Lair:7   | XOM: divination: magic mapping
 24183 | Lair:7   | XOM: noise
 24189 | Lair:7   | XOM: noise
 24195 | Lair:7   | XOM: harmless Pois miscast
 24342 | Lair:7   | XOM: mild Hex miscast
 24399 | Lair:7   | XOM: harmless Conj miscast
 24579 | Lair:7   | Found a viscous altar of Jiyva.
 24580 | Lair:7   | Found a staircase to the Slime Pits.
 24706 | Lair:7   | XOM: god gift: 30 gold pieces
 24784 | Lair:8   | Entered Level 8 of the Lair of Beasts
 24785 | Lair:8   | XOM: harmless Summ miscast
 24806 | Lair:8   | XOM: potion effect (heal wounds)
 24808 | Lair:8   | XOM: potion effect (curing)
 24886 | Lair:7   | XOM: divination: detect creatures
 25189 | Lair:8   | XOM: harmless Hex miscast
 25190 | Lair:8   | XOM: potion effect (haste)
 25191 | Lair:8   | XOM: harmless Conj miscast
 25224 | Lair:8   | Found a dark tunnel.
 25232 | Volcano  | Entered a volcano
 25232 | Volcano  | XOM: harmless Divn miscast
 25529 | Volcano  | Found a radiant altar of Vehumet.
 25539 | Volcano  | XOM: silly message
 25551 | Volcano  | XOM: summons friendly white imp
 25557 | Volcano  | Reached skill level 19 in Maces & Flails
 25768 | Volcano  | XOM: god gift: gold dragon armour {god gift}
 25889 | Lair:8   | XOM: enchant monster (good)
 25902 | Lair:8   | XOM: fog
 25904 | Lair:8   | Reached skill level 1 in Armour
 25928 | Lair:8   | XOM: summons friendly white imp
 25932 | Lair:8   | XOM: divine lightning
 25962 | Lair:8   | Slain by a yak

Vault maps used:
D:1:      lemuel_arrival_cross, item_on_display_a
D:3:      nicolae_overflow_crystal_walls, first_bread
D:4:      grunt_temple_overflow_open, minmay_temple_entry_statues_fountains,
          guppyfry_early_orc_mine
D:5:      lemuel_round_altar, grunt_temple_overflow_cloverleaf,
          lemuel_round_altar, nicolae_ossuary_entry_ruins, uniq_eustachio,
          uniq_prince_ribbit1
D:6:      elyvilon_altar_5, corexii_leaking_fountain, bloody_makhleb
D:7:      serial_shops, shop, the_bakery, hangedman_decor_opposing
D:8:      kennysheep_little_box, serial_shops, nicolae_shop_trees,
          enter_bailey_2, kennysheep_generic_room_2, uniq_psyche
D:10:     lair_0_dummy, orc_0_dummy
D:11:     kennysheep_spiral_hall, serial_shops, shop
D:12:     serial_shops, nicolae_shop_crystal, interstate_on_off, uniq_nergalle,
          uniq_maurice, uniq_snorg
D:13:     serial_ice, serial_ice_k, serial_ice_m, serial_ice_e, serial_ice_d,
          serial_ice_h, serial_ice_b, portal_ice_cave_entry_pillars_02,
          serial_shops, nicolae_shop_statue_plus
D:14:     erik_vaults_1, grunt_decor_resistance, guppyfry_shop_venom,
          uniq_azrael
Temple:   cyrus_temple_forest_13
Lair:1:   dragon1_lemuel, worms_lemuel, bh_autumn_forest_stairs, uniq_fannar,
          uniq_gastronok
Lair:3:   lemuel_reptile_caves
Lair:4:   minmay_shoals_entry_hut, dummy_spider_entry, beast_lair_carwin_6
Lair:5:   lemuel_fruit_tree, grunt_megastairs_2
Lair:7:   dpeg_slime_entry_enclosed_altar, serial_forest,
          infiniplex_forest_straight_4, infiniplex_forest_straight_1,
          infiniplex_forest_straight_5, infiniplex_forest_end_3,
          infiniplex_forest_end_1, infiniplex_forest_lined_corner,
          infiniplex_forest_straight_2, infiniplex_forest_end_3,
          infiniplex_forest_end_double, beast_lair_carwin_1
Lair:8:   minmay_lair_end_enchanted_forest, enter_volcano_1, lemuel_fruit_fields
Ossuary:  ossuary_tomb_2
Bailey:   bailey_polearm_2, bailey
IceCv:    ice_cave_caverns_01
Volcano:  volcano_lake

Action                   |  1- 3 |  4- 6 |  7- 9 | 10-12 | 13-15 || total
-------------------------+-------+-------+-------+-------+-------++-------
Melee: Mace              |   118 |    52 |       |       |       ||   170
       Morningstar       |       |    79 |   383 |       |       ||   462
       Dire flail        |       |       |    47 |   866 |  1566 ||  2479
       Unarmed           |       |       |       |       |     2 ||     2
Throw: Tomahawk          |       |       |    11 |       |     5 ||    16
 Abil: Evoke Berserk Rag |       |     1 |     4 |     2 |       ||     7
Evoke: Rod               |       |       |       |       |     2 ||     2
       Wand              |       |       |       |       |     1 ||     1
  Use: Scroll            |       |       |     9 |     9 |    17 ||    35
       Potion            |       |       |     1 |    15 |    12 ||    28
 Stab: Confused          |       |       |       |     1 |     2 ||     3
       Paralysed         |       |       |       |     4 |     2 ||     6
       Distracted        |       |       |       |     3 |     4 ||     7
       Sleeping          |       |       |       |     3 |    22 ||    25
       Invisible         |       |       |       |       |     2 ||     2
  Eat: Chunk             |     1 |     6 |    10 |    47 |    42 ||   106
       Fruit             |       |       |     3 |       |       ||     3
       Meat ration       |       |       |     1 |       |       ||     1
